 Dungeon Crawl Stone Soup version 0.31-a0-640-g39d97e502b (webtiles) character file.

Game seed: 4469987207293533605

70 qw the Shooter (level 4, -4/28 HPs)
             Began as a Gargoyle Hunter on Aug 27, 2023.
             Slain by Sigmund
             ... wielding a +0 scythe
              (6 damage)
             ... on level 2 of the Dungeon.
             The game lasted 00:00:21 (664 turns).

qw the Shooter (Gargoyle Hunter)                     Turns: 664, Time: 00:00:22

Health: -4/28      AC:  6    Str: 15    XL:     4   Next: 22%
Magic:  4/4        EV: 11    Int:  9    God:
Gold:   102        SH:  0    Dex: 15    Spells: 3/3 levels left

rFire   . . .        Y - +0 shortbow
rCold   . . .        (shield currently unavailable)
rNeg    + . .        c - +0 leather armour
rPois   inf          (no helmet)
rElec   +            (no cloak)
rCorr   .            (no gloves)
SInv    .            (no boots)
Will    .....        (no amulet)
Stlth   ++           (no ring)
HPRegen 0.24/turn    (no ring)
MPRegen 0.09/turn

%: no passive effects
@: no status effects
A: sickness immunity, AC +3, negative energy resistance 1, electricity
resistance, torment resistance 1, petrification resistance
a: no special abilities


You were on level 2 of the Dungeon.
You visited 1 branch of the dungeon, and saw 2 of its levels.

You collected 102 gold pieces.


Innate Abilities, Weirdness & Mutations

You are immune to sickness and miasma.
Your stone body is resilient. (AC +3)
You are immune to poison.
You resist negative energy. (rN+)
You are resistant to electric shocks. (rElec)
You are resistant to unholy torment.
You are immune to petrification.


   Skills:
 - Level 3.2 Fighting
 + Level 5.1 Ranged Weapons
 - Level 1.5 Dodging
 - Level 1.1 Stealth


You had 3 spell levels left.
You didn't know any spells.
Your spell library was empty.

Inventory:

Hand Weapons
 Y - a +0 shortbow (weapon)
Armour
 a - a +0 pair of gloves
 c - a +0 leather armour (worn)
Jewellery
 f - a ring of ice
Potions
 g - 2 potions of curing

Dungeon Overview and Level Annotations

Branches:
Dungeon (2/15)

Altars:

Annotations:
D:2 Sigmund


Message History

You shoot an arrow. The arrow barely misses the adder.
The arrow barely misses the rat.
The adder misses you.
You shoot an arrow. The arrow hits the adder!
You kill the adder!
The bat barely misses you.
You shoot an arrow. The arrow barely misses the rat.
The bat hits you but does no damage. The rat closely misses you.
Sigmund mumbles some strange words.
Sigmund flickers and vanishes!
Deactivating autopickup; reactivate with Ctrl-A.
You shoot an arrow. The arrow hits the bat.
You kill the bat!
The rat bites you but does no damage.
You shoot an arrow. The arrow hits the rat.
The rat is moderately wounded.
Something hits you. The rat closely misses you.
The rat bites you but does no damage.
You shoot an arrow. The arrow hits the rat.
You kill the rat!
Something hits you.
You shoot an arrow. Something hits you.
You shoot an arrow. Something hits you but does no damage.
You shoot an arrow. You shoot an arrow. Something hits you!
You shoot an arrow. Something hits you but does no damage.
You shoot an arrow. Something hits you but does no damage.
You shoot an arrow. Something hits you.
You shoot an arrow. You shoot an arrow. Something hits you.
You shoot an arrow. Something hits you.
You die...

.......# ###########
.......##
#.........###.......##.
###......................
..........:.# #..........
...####...#####.{........
...# #...####...........
...#####........@........
................%........
...##........#...........
...#####.................
...# ##..###...#.........
...##............########
............##.###
.#.......... ...
...###...... ....


There were no monsters in sight!

Vanquished Creatures
  Natasha (D:2)
  An adder (D:2)
  A worm (D:2)
  2 dart slugs
  4 bats
  2 endoplasms (D:1)
  A giant cockroach (D:1)
  6 goblins (D:1)
  5 quokkas (D:1)
  2 ball pythons (D:1)
  2 rats
27 creatures vanquished.

Notes
Turn   | Place    | Note
-------+----------+-------------------------------------------
     0 | D:1      | qw the Gargoyle Hunter began the quest for the Orb.
     0 | D:1      | Reached XP level 1. HP: 12/12 MP: 1/1
     0 | D:1      | 0 ||| qw: Version: 0.3-a-74-g0d5e918
     0 | D:1      | 0 ||| qw: Game counter: 173
     0 | D:1      | 0 ||| qw: Melee chars always use a shield: true
     0 | D:1      | 0 ||| qw: God list: Okawaru
     0 | D:1      | 0 ||| qw: Allow faded altars: false
     0 | D:1      | 0 ||| qw: Do Orc after clearing Dungeon:15 true
     0 | D:1      | 0 ||| qw: Do second Lair branch before Depths: true
     0 | D:1      | 0 ||| qw: Lair rune preference: random
     0 | D:1      | 0 ||| qw: Goals: Normal
     0 | D:1      | 0 ||| PLANNING D:1-11
    82 | D:1      | Reached XP level 2. HP: 7/17 MP: 2/2
   424 | D:1      | Reached XP level 3. HP: 21/21 MP: 3/3
   427 | D:1      | Reached skill level 5 in Ranged Weapons
   514 | D:1      | 514 ||| READING scroll labelled CECUOWYQEM.
   515 | D:1      | 515 ||| READING scroll labelled NOZXOG QEPRUM.
   519 | D:1      | 519 ||| DRINKING 3 glowing white potions.
   520 | D:1      | 520 ||| DROPPING scroll of butterflies.
   603 | D:2      | Noticed Natasha
   607 | D:2      | Killed Natasha
   608 | D:2      | Reached skill level 3 in Fighting
   636 | D:2      | Reached XP level 4. HP: 27/28 MP: 4/4
   647 | D:2      | Noticed Sigmund
   661 | D:2      | HP: 5/28 [something (6)]
   663 | D:2      | HP: 2/28 [something (4)]
   664 | D:2      | Slain by Sigmund

Levels and vault maps discovered:
D:1:      scummos_arrival_simple_fountains, layout_rooms
D:2:      layout_rooms, nicolae_hexahallways, uniq_natasha, uniq_sigmund

Skill      XL: |  1  2  3 |
---------------+----------+-----
Ranged Weapons | 5 |  5.1
Fighting       | 3 |  3.2
Dodging        | |  1.5
Stealth        | |  1.1

Action                     |  1- 3 |  4- 6 || total
---------------------------+-------+-------++-------
   Fire: Shortbow          |    75 |    20 ||    95
    Use: Scroll            |     2 |       ||     2
         Potion            |     1 |       ||     1
 Armour: Leather armour    |    11 |     8 ||    19
  Dodge: Dodged            |    16 |     4 ||    20

Table legend:
 A = Non-vault XP
 B = Vault XP
 C = Vault XP percentage of total XP
 D = Non-vault monster count
 E = Vault monster count
 F = Vault count percentage of total count
                 A         B        C        D         E       F
            +---------+---------+-------+---------+---------+-------
      Total |      64 |      37 |  36.6 |      26 |       1 |   3.7
            +---------+---------+-------+---------+---------+-------
        D:1 |      39 |       0 |   0.0 |      21 |       0 |   0.0
        D:2 |      25 |      37 |  59.7 |       5 |       1 |  16.7
            +---------+---------+-------+---------+---------+-------
